 Dungeon Crawl Stone Soup version 0.16.1-2-g95b8d4c (webtiles) character file.

186 McCoppin the Twirler (level 5, 0/45 HPs)
             Began as a Naga Gladiator on Mar 25, 2015.
             Slain by an orc
             ... wielding a +0 hand axe
              (1 damage)
             ... on level 3 of the Dungeon.
             The game lasted 00:07:31 (3232 turns).

McCoppin the Twirler (Naga Gladiator)               Turns: 3232, Time: 00:07:31

Health: 0/45       AC:  5    Str: 19    XL:     5   Next: 66%
Magic:  5/5        EV:  9    Int:  8    God:
Gold:   136        SH:  0    Dex:  9    Spells: 0 memorised, 4 levels left

rFire  . . .     SeeInvis +     a - +0 quarterstaff
rCold  . . .     Clarity  .     b - +0 leather armour
rNeg   . . .     SustAb   .     (no shield)
rPois  +         Gourm    .     c - +0 helmet
rElec  .         Spirit   .     (no cloak)
rCorr  .         Warding  .     (no gloves)
rMut   .         Stasis   .     (no barding)
MR     .....                    (no amulet)
Stlth  +.........               (no ring)
                                (no ring)

@: very slightly contaminated, very slow, not resistant to hostile enchantments,
very unstealthy
A: spit poison, see invisible, clumsy 1, deformed body, poison resistance,
shaggy fur 1, slowness 2, MP-powered wands 1, AC +1
a: Spit Poison


You were on level 3 of the Dungeon.
You were hungry.

You visited 1 branch of the dungeon, and saw 3 of its levels.

You collected 136 gold pieces.

Inventory:

Hand weapons
 a - a +0 quarterstaff (weapon)
Missiles
 d - 3 throwing nets (quivered)
 j - 4 javelins
 u - 5 poisoned needles
Armour
 b - a +0 leather armour (worn)
 c - a +0 helmet (worn)
 i - a +0 chain mail
Jewellery
 q - an uncursed ring of see invisible {unknown}
Scrolls
 e - 2 scrolls of teleportation {unknown}
 g - a scroll of fog {unknown}
 h - 2 scrolls of remove curse {unknown}
 k - 3 scrolls of identify {unknown}
 r - 3 scrolls of recharging {unknown}
 s - a scroll of amnesia {unknown}
 v - a scroll of noise {unknown}
 w - a scroll of enchant armour {unknown}
 x - a scroll of magic mapping {unknown}
Comestibles
 f - 3 bread rations
 t - a meat ration
 A - 2 chunks of flesh


   Skills:
 - Level 2.0 Fighting
 + Level 6.1 Staves
 - Level 1.7 Throwing
 - Level 2.4 Dodging


You had 4 spell levels left.
You didn't know any spells.

Dungeon Overview and Level Annotations

Branches:
Dungeon (3/15)

Altars:
Cheibriados
Nemelex Xobeh
Vehumet


Innate Abilities, Weirdness & Mutations

You cannot wear boots.
You can spit poison.
Your serpentine skin is tough (AC +1).
You have supernaturally acute eyesight.
Armour fits poorly on your strangely shaped body.
Your system is resistant to poisons.
You cover ground very slowly.
You are clumsy. (Dex -2)
You are covered in fur (AC +1).
You expend magic power (3 MP) to slightly strengthen your wands.


Message History

a dagger; a robe; an orc corpse You hit the orc priest but do no damage.
You are feeling hungry.
The orc hits you but does no damage.
The orc priest hits you but does no damage.
You hit the orc priest but do no damage.
The orc misses you.
The orc priest hits you but does no damage.
You hit the orc priest but do no damage.
The orc priest barely misses you. The orc hits you with a hand axe.
You completely miss the orc priest. The orc priest hits you with a dagger.
* * * LOW HITPOINT WARNING * * *
The orc hits you with a hand axe.
* * * LOW HITPOINT WARNING * * *
You closely miss the orc priest.
The orc priest mumbles some strange prayers to Beogh against you.
Something smites you!
* * * LOW HITPOINT WARNING * * *
The orc hits you with a hand axe.
You die...

#.# ### #.# ... #.#
#.# #.# ### #.# #)#
..#######.# #.#
#.##....[.# #)#
##.##.####.#####)###
...##.####.....o@o.#
.................#.#
....#.##########.#.#
......# .....
....### #..... ....#
#.....# ....#
#>....# ...#####
...... .........
..###


You could see an orc priest and an orc.

Vanquished Creatures
  An orc wizard (D:3)
  A worker ant (D:3)
  Ijyb (D:3)
  2 adders (D:2)
  4 gnolls (D:3)
  2 giant geckos
  An ooze (D:2)
  4 orcs (D:3)
  A bat (D:2)
  3 goblins (D:1)
  6 hobgoblins
  6 jackals
  3 quokkas (D:2)
  2 giant cockroaches
  3 giant newts
  14 kobolds
  7 rats
61 creatures vanquished.

Notes
Turn   | Place    | Note
--------------------------------------------------------------
     0 | D:1      | McCoppin, the Naga Gladiator, began the quest for the Orb.
     0 | D:1      | Reached XP level 1. HP: 19/19 MP: 1/1
   201 | D:1      | Reached XP level 2. HP: 19/26 MP: 2/2
   661 | D:1      | Reached skill level 4 in Staves
   870 | D:2      | Reached XP level 3. HP: 30/32 MP: 3/3
  1227 | D:2      | Found a radiant altar of Vehumet.
  1275 | D:2      | Found a snail-covered altar of Cheibriados.
  1571 | D:2      | Found a sparkling altar of Nemelex Xobeh.
  1798 | D:2      | Reached XP level 4. HP: 36/39 MP: 4/4
  2265 | D:3      | Noticed Ijyb
  2276 | D:3      | Killed Ijyb
  2276 | D:3      | Reached skill level 5 in Staves
  2757 | D:3      | Reached XP level 5. HP: 4/45 MP: 5/5
  3208 | D:3      | Gained mutation: You are clumsy. (Dex -2) [potion of mutation]
  3208 | D:3      | Gained mutation: You are covered in fur (AC +1). [potion of mutation]
  3208 | D:3      | Gained mutation: You expend magic power (3 MP) to slightly strengthen your wands. [potion of mutation]
  3209 | D:3      | HP: 2/45 [orc priest/divine providence (10)]
  3226 | D:3      | Reached skill level 6 in Staves
  3232 | D:3      | HP: 1/45 [orc priest/divine providence (9)]
  3232 | D:3      | Slain by an orc

Action                   |  1- 3 |  4- 6 || total
-------------------------+-------+-------++-------
Melee: Quarterstaff      |   118 |    92 ||   210
 Abil: Spit Poison       |       |     3 ||     3
  Use: Potion            |       |     8 ||     8
 Stab: Invisible         |       |     3 ||     3
  Eat: Chunk             |     1 |     2 ||     3
       Bread ration      |     1 |       ||     1
